 Dungeon Crawl Stone Soup version 0.29.1-12-g30fa7ad0bf (webtiles) character file.

Game seed: 7182726534062950012

956 Coaxmetal the Digger (level 8, -1/46 HPs)
             Began as a Gargoyle Earth Elementalist on Dec 18, 2022.
             Slain by an orc warrior
             ... wielding a +0 war axe
              (6 damage)
             ... on level 6 of the Dungeon.
             The game lasted 00:08:18 (5400 turns).

Coaxmetal the Digger (Gargoyle Earth Elementalist)  Turns: 5400, Time: 00:08:18

Health: -1/46      AC:  8    Str:  9 (12) XL:     8   Next: 14%
Magic:  0/13       EV: 13    Int: 16 (18) God:
Gold:   254        SH:  0    Dex: 15 (16) Spells: 7/14 levels left

rFire   . . .      SeeInvis .   o - +0 war axe
rCold   . . .      Faith    .   (no shield)
rNeg    + . .      Spirit   .   a - +1 robe
rPois   ∞          Reflect  .   (no helmet)
rElec   +          Harm     .   (no cloak)
rCorr   .          Rampage  .   (no gloves)
Will    .....                   (no boots)
Stlth   +++.......              (no amulet)
HPRegen 0.15/turn               l - +6 ring of dexterity
MPRegen 0.13/turn               (no ring)

@: very slightly contaminated
A: sickness immunity, AC +5, negative energy resistance 1, electricity
resistance, torment resistance 1, petrification resistance
a: no special abilities


You were on level 6 of the Dungeon.
You visited 1 branch of the dungeon, and saw 6 of its levels.

You collected 254 gold pieces.

Inventory:

Hand Weapons
 o - a +0 war axe (weapon)
Missiles
 q - 6 datura-tipped darts
Armour
 a - a +1 robe (worn)
Jewellery
 l - a +6 ring of dexterity (left hand)
 s - an amulet of faith
Wands
 p - a wand of flame (22)
Scrolls
 c - 6 scrolls of teleportation
 f - a scroll of poison
 h - 2 scrolls of identify
 k - 3 scrolls of enchant armour
 n - a scroll of fog
 r - 2 scrolls of amnesia
 v - a scroll of magic mapping
 w - a scroll of blinking {unknown}
 x - a scroll of immolation {unknown}
Potions
 b - a potion of magic
 e - a potion of brilliance {unknown}
 g - 2 potions of curing
 j - a potion of attraction {unknown}
 m - 6 potions of might
 t - a potion of haste {unknown}
 u - a potion of resistance {unknown}
 z - a potion of heal wounds


   Skills:
 + Level 3.3 Fighting
 + Level 3.0 Dodging
 + Level 4.2 Stealth
 + Level 3.5 Spellcasting
 + Level 2.4 Conjurations
 - Level 0.7 Transmutations
 + Level 1.6 Air Magic
 * Level 6.6 Earth Magic
 + Level 2.1 Poison Magic


You had 7 spell levels left.
You knew the following spells:

 Your Spells              Type           Power      Damage    Failure   Level
a - Sandblast             Erth           48%        2d12      1%          1
b - Stone Arrow           Conj/Erth      34%        3d9       9%          3
c - Mephitic Cloud        Conj/Pois/Air  9%         N/A       22%         3

Your spell library contained the following spells:

 Spells                   Type           Power      Damage    Failure   Level
 Passwall                 Tmut/Erth      11%        N/A       6%          2
 Magic Dart               Conj           40%        1d5       7%          1
 Necrotise                Necr           8%         1d4       19%         1
 Wereblood                Tmut           5%         N/A       21%         2
 Call Imp                 Summ           2%         N/A       26%         2
 Ensorcelled Hibernation  Hex/Ice        4%         N/A       26%         2
 Spider Form              Tmut/Pois      7%         N/A       30%         3
 Petrify                  Tmut/Erth      14%        N/A       36%         4
 Gell's Gravitas          Tloc           2%         N/A       47%         3
 Lesser Beckoning         Tloc           2%         N/A       47%         3
 Teleport Other           Tloc           2%         N/A       47%         3
 Vampiric Draining        Necr           2%         2d6       47%         3
 Anguish                  Hex/Necr       1%         N/A       87%         4
 Irradiate                Conj/Tmut      3%         3d12      95%         5
 Agony                    Necr           2%         N/A       99%         5
 Summon Hydra             Summ           1%         N/A       100%        7
 Sublimation of Blood     Necr           Unusable   N/A       N/A         2

Dungeon Overview and Level Annotations

Branches:
Dungeon (6/15)             Temple (0/1) D:5

Altars:
Ashenzari
Sif Muna
Trog
Uskayaw


Innate Abilities, Weirdness & Mutations

You are immune to sickness and miasma.
Your stone body is resilient. (AC +5)
You are immune to poison.
You resist negative energy. (rN+)
You are resistant to electric shocks. (rElec)
You are resistant to unholy torment.
You are immune to petrification.


Message History

You miscast Stone Arrow.
You are very lightly contaminated with residual magic.
Nothing appears to happen.
The orc warrior barely misses you.
You hear some strange, mumbled words.
A puff of flame appears from out of thin air!
The puff of flame misses you.
Casting: Stone Arrow (dangerous; 9% risk of failure)
Confirm with . or Enter, or press ? or * to list all spells.
Aiming: Stone Arrow (dangerous; 9% risk of failure)
Press: ? - help, Shift-Dir - straight line, f/p - orc warrior
Aim: an orc warrior, wielding a +0 war axe and wearing a +0 chain mail (almost dead, 64% to hit)
You miscast Stone Arrow.
Nothing appears to happen.
The orc warrior misses you. Something barely misses you.
Unknown command.
Something hits you but does no damage.
You barely miss the orc warrior.
The orc warrior is almost dead.
You hit something.
Reactivating autopickup.
You feel a bit more experienced.
The orc warrior hits you with a +0 war axe! x2
The orc hits you but does no damage.
You feel your intelligence returning. The orc attacks as you move away!
The orc closely misses you. The orc attacks as you move away!
The orc hits you but does no damage.
Casting: Stone Arrow (dangerous; 9% risk of failure)
Confirm with . or Enter, or press ? or * to list all spells.
Aiming: Sandblast (safe; 1% risk of failure)
Press: ? - help, Shift-Dir - straight line, f/p - orc warrior
Aim: an orc warrior, wielding a +0 war axe and wearing a +0 chain mail (almost dead, 81% to hit)
The blast of sand hits the orc warrior but does no damage.
The orc warrior is almost dead.
The orc warrior completely misses you. The orc hits you with a +0 dagger.
The orc warrior attacks as you move away!
The orc warrior hits you with a +0 war axe!
* * * LOW HITPOINT WARNING * * *
The orc attacks as you move away! The orc hits you but does no damage.
The orc warrior attacks as you move away!
The orc warrior hits you with a +0 war axe.
You die...

##...........# ##
#...........# .#
#..(........# .#
##..........## .##
#...........####
..####..........##.#
....##.............#
......†............#
...#............@..#
...####..).....oo..#
...# ##...........#
...## ##..........#
....# #..........#
....# ##...#......#
....# ##...###...).#
#######..### #.....#
###.....## ##.....


You could see an orc warrior and an orc.

Vanquished Creatures
  An ice beast (D:5)
  2 necrophages (D:5)
  4 scorpions
  A howler monkey (D:4)
  2 hounds
  A jelly (D:4)
  An orc priest (D:3)
  2 iguanas
  Terence (D:3)
  An orc wizard (D:6)
  4 gnolls
  7 adders
  A shadow imp (D:5)
  A white imp (D:6)
  2 ufetubi (D:6)
  3 worms (D:2)
  3 dart slugs (D:1)
  11 orcs
  4 ball pythons
  4 bats
  6 endoplasms
  A giant cockroach (D:4)
  10 goblins
  8 hobgoblins
  9 jackals
  4 kobolds
  3 quokkas
  2 frilled lizards
  4 rats
103 creatures vanquished.

Vanquished Creatures (others)
  A fungus (D:6)
  16 plants (D:3)
17 creatures vanquished.

Grand Total: 120 creatures vanquished

Notes
Turn   | Place    | Note
-------+----------+-------------------------------------------
     0 | D:1      | Coaxmetal the Gargoyle Earth Elementalist began the quest
                  | for the Orb.
     0 | D:1      | Reached XP level 1. HP: 10/10 MP: 3/3
   104 | D:1      | Reached XP level 2. HP: 16/16 MP: 3/5
   198 | D:1      | Reached skill level 4 in Earth Magic
   258 | D:1      | Reached XP level 3. HP: 20/20 MP: 1/6
   334 | D:1      | Found a faded altar of an unknown god.
   369 | D:1      | Reached skill level 1 in Fighting
   987 | D:2      | Found a shimmering blue altar of Sif Muna.
  1202 | D:2      | Reached XP level 4. HP: 25/25 MP: 4/7
  1412 | D:2      | You fall into a shaft and drop 1 floor!
  1919 | D:3      | Found a bloodstained altar of Trog.
  2171 | D:3      | Reached XP level 5. HP: 15/30 MP: 4/8
  2217 | D:3      | Reached skill level 5 in Earth Magic
  2654 | D:3      | Noticed Terence
  2663 | D:3      | Killed Terence
  2953 | D:3      | Learned a level 3 spell: Stone Arrow
  2957 | D:3      | Learned a level 3 spell: Mephitic Cloud
  3147 | D:4      | Found a hide-covered altar of Uskayaw.
  3167 | D:4      | Identified the +8 flail of the Blue God {vorpal, rCorr
                  | Str+3}
  3224 | D:4      | Reached XP level 6. HP: 35/35 MP: 7/10
  3630 | D:4      | Reached skill level 1 in Conjurations
  3630 | D:4      | Reached skill level 1 in Poison Magic
  3814 | D:5      | Entered Level 5 of the Dungeon
  3826 | D:5      | Reached skill level 1 in Air Magic
  3826 | D:5      | Reached XP level 7. HP: 32/40 MP: 1/11
  3927 | D:5      | Found a broken altar of Ashenzari.
  3936 | D:5      | Reached skill level 6 in Earth Magic
  4419 | D:5      | Found a staircase to the Ecumenical Temple.
  4828 | D:6      | Identified the +9 long sword of Iconoclasm {antimagic,
                  | Contam rPois Int+2}
  5012 | D:6      | Reached XP level 8. HP: 30/46 MP: 6/13
  5400 | D:6      | Slain by an orc warrior

Illustrated notes

Levels and vault maps discovered:
D:1:      dpeg_arrival_refuge, layout_basic, basic_ecumenical_altar,
          nicolae_grassy_gnolls
D:2:      layout_basic, basic_altar, minmay_cupped
D:3:      layout_basic, mainiacjoe_overflow_alcove_1, serial_bayou,
          serial_bayou_pond_b, serial_bayou_lake_a, serial_bayou_crossing,
          uniq_terence
D:4:      layout_gridville, nicolae_uskayaw_dance_hall
D:5:      layout_cave_pools, ashenzari_altar_1, minmay_temple_entry_mist,
          kennysheep_decorative_pillar
D:6:      layout_cave_pods, water_boxes_lemuel

Skill      XL: |  1  2  3  4  5  6  7  8 |
---------------+-------------------------+-----
Earth Magic    | 4 5 6 |  6.6
Fighting       | 1 2 3 |  3.3
Dodging        | 2 3 |  3.0
Stealth        | 3 4 |  4.2
Spellcasting   | 3 |  3.5
Conjurations   | 1 2 |  2.4
Poison Magic   | 1 2 |  2.1
Air Magic      | 1 |  1.6
Transmutations | |  0.7

Action                   |  1- 3 |  4- 6 |  7- 9 || total
-------------------------+-------+-------+-------++-------
Melee: War axe           |       |    12 |     2 ||    14
       Unarmed           |       |    12 |       ||    12
 Cast: Sandblast         |    40 |   109 |    47 ||   196
       Stone Arrow       |       |       |    10 ||    10
  Use: Potion            |       |       |     5 ||     5
       Scroll            |       |       |     7 ||     7
Armor: Robe              |     5 |    30 |    16 ||    51
Dodge: Dodged            |    13 |    64 |    28 ||   105
